 Dungeon Crawl Stone Soup version 0.23.1 (webtiles) character file.

Game seed: 14577096130311456078

45 Kairos the Sneak (level 3, -1/18 HPs)
             Began as a Vine Stalker Assassin on Mar 17, 2019.
             Slain by a gnoll (7 damage)
             ... on level 2 of the Dungeon.
             The game lasted 00:01:16 (1152 turns).

Kairos the Sneak (Vine Stalker Assassin)            Turns: 1152, Time: 00:01:17

Health: -1/18      AC:  3    Str: 13    XL:     3   Next: 64%
Magic:  0/4        EV: 12    Int: 11    God:
Gold:   109        SH:  0    Dex: 16    Spells: 2/2 levels left

rFire    . . .     SeeInvis .   a - +3 dagger
rCold    . . .     Gourm    .   (no shield)
rNeg     . . .     Faith    .   c - +0 robe
rPois    .         Spirit   +   (no helmet)
rElec    .         Reflect  .   d - +0 cloak
rCorr    .         Harm     .   (no gloves)
MR       .....                  (no boots)
Stlth    +++.......             (no amulet)
HPRegen  0.06/turn              (no ring)
MPRegen  0.09/turn              (no ring)

@: no status effects
A: fangs 2, magic shield, antimagic bite, no potion heal 3, rot immunity
a: no special abilities


You were on level 2 of the Dungeon.
You were hungry.

You visited 1 branch of the dungeon, and saw 2 of its levels.

You collected 109 gold pieces.

Inventory:

Hand Weapons
 a - a +3 dagger (weapon)
 b - a +0 blowgun
Missiles
 e - 45 poisoned needles
 f - 2 curare-tipped needles
Armour
 c - a +0 robe (worn)
 d - a +0 cloak (worn)
Scrolls
 i - a scroll of immolation {unknown}
 l - a scroll of teleportation
 m - a scroll of blinking
Potions
 h - a potion of heal wounds {unknown}
 j - a potion of flight {unknown}
 k - a potion of mutation {unknown}
Comestibles
 g - a ration


   Skills:
 + Level 2.0 Fighting
 + Level 2.2 Short Blades
 + Level 1.7 Throwing
 + Level 0.8 Dodging
 + Level 6.0 Stealth


You had 2 spell levels left.
You didn't know any spells.
Your spell library was empty.

Dungeon Overview and Level Annotations

Branches:
Dungeon (2/15)

Altars:
Ashenzari
Okawaru


Innate Abilities, Weirdness & Mutations

You have extremely sharp teeth.
When hurt, damage is shared between your health and your magic reserves.
Your bite disrupts and absorbs the magic of your enemies.
Potions cannot restore your health.
You are immune to rotting.


Message History

You are too injured to fight recklessly!
You are too injured to fight recklessly!
You are too injured to fight recklessly!
You are too injured to fight recklessly!
You are too injured to fight recklessly!
You are too injured to fight recklessly!
You are too injured to fight recklessly!
You are too injured to fight recklessly!
You are too injured to fight recklessly!
You are too injured to fight recklessly!
You are too injured to fight recklessly!
You are too injured to fight recklessly!
You are too injured to fight recklessly!
You barely miss the gnoll. Your bite misses the gnoll.
The gnoll is heavily wounded.
The gnoll hits you but does no damage.
You hit the gnoll.
The gnoll is almost dead.
The gnoll hits you!
You die...

#......#.# #.#..#.#.#####
#......#.#####.#..#.#.#####
#......#..........#.#......
#......#######.#.##.#######
#......((..# #.#....##...#
#......(...# #.#######...##
...#+#......###### #
#'..... ....
+.....(gg##.#.#.##.....
..##
#....(@#(#≈≈≈g≈≈##..... .#
###.####((K....._#..... #.#
###gK≈K≈≈##..... #.#
.#.#.###..... ..
#######..#### #.....#.....
####.##.#######
#....##........
#....##########


You could see a gnoll and a hobgoblin.

Vanquished Creatures
  2 adders (D:2)
  A leopard gecko (D:1)
  3 bats (D:1)
  A giant cockroach (D:1)
  3 goblins
  4 hobgoblins
  2 frilled lizards (D:1)
  5 kobolds (D:1)
  8 rats (D:1)
29 creatures vanquished.

Notes
Turn   | Place    | Note
-------+----------+-------------------------------------------
     0 | D:1      | Kairos the Vine Stalker Assassin began the quest for the
                  | Orb.
     0 | D:1      | Reached XP level 1. HP: 11/11 MP: 2/2
    83 | D:1      | Reached skill level 5 in Stealth
   133 | D:1      | Reached XP level 2. HP: 13/15 MP: 1/3
   619 | D:2      | Found a shattered altar of Ashenzari.
   627 | D:2      | Reached XP level 3. HP: 12/18 MP: 4/4
   911 | D:2      | Reached skill level 6 in Stealth
  1138 | D:2      | Found an iron altar of Okawaru.
  1152 | D:2      | Slain by a gnoll

Skill      XL: |  1  2  3 |
---------------+----------+-----
Stealth        | 5 6 |  6.0
Short Blades   | 2 |  2.2
Fighting       | 2 |  2.0
Throwing       | |  1.7
Dodging        | |  0.8

Action                   || total
-------------------------++-------
Melee: Dagger            ||    51
       Bite              ||     5
  Use: Scroll            ||     4
 Stab: Sleeping          ||    17
Armor: Robe              ||    15
Dodge: Dodged            ||    23
